Map: 2000 Atmospheres LE

Players

A.I. 1 (Very Easy) - Winner!

  • Race: Terran Terran

RustyShacky

  • Race: Terran Terran
  • League: Platinum

VOD

Have the link to the VOD?

Description

Time

  • Played on: March 21, 2022, 11:42 p.m.
  • Length: 10:07
Show
View Real Time Build Order
Export as new Build Order

A.I. 1 (Very Easy) Terran - Winner!

Build Orders:  

Get SALT Encoding   

  12  0:00  SCV  
  13  0:13  SCV  
  14  0:18  Supply Depot  
  14  0:37  Refinery  
  14  0:42  Barracks  
  14  1:02  Supply Depot  
  14  1:11  Refinery  
  14  1:28  Marine  
  14  1:29  Orbital Command  
  15  1:54  SCV  
  15  2:00  Marine  
  17  2:06  SCV  
  18  2:18  SCV  
  19  2:30  SCV  
  19  2:31  Marine  
  21  2:42  SCV  
  22  2:55  SCV  
  23  4:14  SCV  
  23  5:44  Marine, SCV  
  23  5:46  Supply Depot  
  23  5:48  Factory  
  25  6:07  SCV  
  25  6:11  Supply Depot  
  26  6:17  Barracks Tech Lab  
  26  6:19  SCV  
  24  6:31  SCV  
  25  6:34  Starport  
  25  6:35  Marine  
  25  6:37  Command Center  
  26  6:44  SCV  
  27  7:10  Marauder  
  27  7:11  Starport Tech Lab  
  29  7:30  Raven  
  31  7:43  Marine  
  32  7:50  SCV  
  33  7:57  Refinery, SCV  
  34  8:00  Refinery  
  34  8:04  SCV  
  35  8:11  SCV  
  36  8:13  Raven  
  36  8:16  Marine  
  36  8:18  SCV  
  40  8:26  SCV  
  41  8:33  SCV  
  42  8:40  SCV  
  43  8:47  SCV  
  44  8:54  SCV  
  45  9:01  SCV  
  46  9:08  SCV  
  47  9:16  SCV  
  48  9:23  SCV  
  49  9:30  SCV  
  49  9:39  SCV  
Show
View Real Time Build Order
Export as new Build Order

RustyShacky Terran 

Build Orders: Cyclone Opening 

Get SALT Encoding   

  12  0:00  SCV  
  13  0:12  SCV  
  14  0:17  Supply Depot  
  14  0:24  SCV  
  15  0:38  SCV  
  15  0:39  Barracks  
  16  0:44  Refinery  
  16  0:51  SCV  
  16  0:54  Refinery  
  17  1:03  SCV  
  18  1:15  SCV  
  19  1:28  Supply Depot, Orbital Command, Reaper  
  20  1:44  Factory  
  21  1:54  SCV  
  21  2:00  Reaper  
  21  2:06  SCV  
  22  2:21  SCV  
  23  2:28  Factory Tech Lab  
  23  2:33  SCV  
  23  2:34  Barracks Reactor  
  24  2:38  Command Center  
  24  2:45  Supply Depot, SCV  
  25  2:53  Cyclone  
  28  3:01  Starport  
  28  3:02  SCV  
  29  3:14  Refinery  
  29  3:15  Supply Depot, SCV  
  29  3:18  Marine  
  31  3:20  Marine  
  32  3:28  SCV  
  33  3:34  Factory Tech Lab  
  33  3:40  SCV  
  34  3:41  Supply Depot  
  34  3:44  Raven  
  37  3:53  Orbital Command, SCV  
  37  4:03  Siege Tank  
  37  4:05  SCV  
  41  4:15  Marine x2  
  43  4:17  SCV  
  43  4:20  SCV  
  45  4:29  Raven, SCV  
  48  4:32  SCV  
  48  4:35  Supply Depot  
  49  4:41  SCV  
  49  4:44  Siege Tank  
  49  4:45  SCV  
  54  4:47  Marine x2  
  56  4:53  SCV  
  56  4:57  SCV  
  56  4:58  Supply Depot  
  58  5:05  SCV  
  59  5:09  SCV  
  60  5:16  Siege Tank  
  60  5:20  Supply Depot  
  63  5:21  SCV x2  
  63  5:23  Barracks x2  
  63  5:24  Refinery  
  63  5:25  Stimpack  
  65  5:33  SCV  
  65  5:34  SCV  
  67  5:40  Viking  
  69  5:43  Command Center  
  69  5:44  Viking  
  69  5:46  SCV x2  
  73  5:53  Siege Tank  
  73  5:56  Supply Depot  
  76  5:57  Marine  
  77  6:12  Barracks Reactor x2  
  77  6:16  Viking  
  77  6:17  Viking  
  77  6:18  Marine  
  82  6:21  Supply Depot  
  82  6:25  Siege Tank  
  85  6:36  Marine, Supply Depot  
  86  6:41  Barracks  
  86  6:45  Barracks  
  86  6:46  Engineering Bay  
  86  6:48  Engineering Bay  
  86  6:49  Marine x3, Viking x2  
  86  6:50  Marine  
  86  6:53  SCV  
  95  6:54  SCV  
  95  6:59  Orbital Command  
  96  7:04  Siege Tank  
  99  7:10  SCV x2  
  99  7:13  Terran Infantry Weapons Level 1  
  99  7:15  Terran Infantry Armor Level 1  
  101  7:20  Viking  
  101  7:22  SCV x2  
  105  7:23  Viking  
  105  7:27  SCV  
  108  7:31  Combat Shield  
  108  7:34  SCV x2, Barracks Reactor  
  110  7:38  Barracks Reactor  
  110  7:39  SCV  
  111  7:44  Supply Depot  
  111  7:45  Supply Depot  
  111  7:46  SCV x2  
  111  7:50  Siege Tank  
  116  7:52  Marine x2, SCV  
  116  7:53  Marine x2  
  116  7:55  Marine  
  122  7:58  SCV x2  
  122  8:03  Refinery x2, Medivac  
  122  8:04  SCV  
  127  8:08  Supply Depot  
  127  8:09  Supply Depot, Medivac  
  127  8:10  SCV x2  
  127  8:11  Marine x5  
  136  8:14  Marine  
  136  8:16  SCV  
  138  8:20  Marine x3  
  138  8:23  Siege Tank, SCV x2  
  146  8:29  Marine x2  
  146  8:31  Supply Depot  
  148  8:34  Medivac  
  148  8:35  Marine x4  
  148  8:38  Marine  
  148  8:41  Marine x2  
  156  8:43  Medivac  
  156  8:47  Marine x2  
  161  8:50  Supply Depot  
  161  8:51  Supply Depot  
  161  8:53  Marine  
  162  8:57  Siege Tank, Marine x4  
  162  8:58  Marine  
  162  8:59  Armory, Marine  
  171  9:04  Marine x2  
  171  9:06  Missile Turret  
  171  9:08  Sensor Tower  
  173  9:11  Supply Depot  
  173  9:12  Marine  
  173  9:14  Sensor Tower  
  173  9:15  Marine x2  
  173  9:16  Viking x2  
  180  9:20  Marine x4  
  180  9:22  Marine  
  185  9:24  Supply Depot  
  185  9:26  Supply Depot  
  185  9:33  Siege Tank  
  185  9:35  Marine x4  
  185  9:38  Marine x4  
  196  9:45  Missile Turret  
  196  9:48  Missile Turret  
  196  9:52  Missile Turret  
Tags
 
Add a new tag
Caveats
  • Supply blocks, unpowered buildings, or Contaminate may cause inaccurate times.
  • Supply counts are checked every 10 seconds.